 Dungeon Crawl Stone Soup version 0.24.0 (webtiles) character file.

Game seed: 13115210234774894012, levelgen mode: deterministic

43 RonnieColeman the Conjurer (level 3, -2/21 HPs)
             Began as an Octopode Conjurer on Jan 21, 2020.
             Slain by a hound (4 damage)
             ... on level 2 of the Dungeon on Jan 22, 2020.
             The game lasted 00:03:31 (1047 turns).

RonnieColeman the Conjurer (Octopode Conjurer)      Turns: 1047, Time: 00:03:32

Health: -2/21      AC:  1    Str:  7    XL:     3   Next: 58%
Magic:  16/16      EV: 13    Int: 18    God:
Gold:   108        SH:  0    Dex: 12    Spells: 7/8 levels left

rFire    . . .     SeeInvis .   i - +0 spear
rCold    . . .     Gourm    .   (no shield)
rNeg     . . .     Faith    .   (helmet restricted)
rPois    .         Spirit   .   (no amulet)
rElec    .         Reflect  .   h - ring of magical power
rCorr    .         Harm     .   (no ring)
MR       .....                  (no ring)
Stlth    +++.......             (no ring)
HPRegen  0.07/turn              (no ring)
MPRegen  0.15/turn              (no ring)
                                (no ring)
                                (no ring)

@: no status effects
A: almost no armour, stealthy swim, amphibious, 8 rings, constrict 8, camouflage
1, gelatinous body 1
a: no special abilities


You were on level 2 of the Dungeon.
You were hungry.

You visited 1 branch of the dungeon, and saw 2 of its levels.

You collected 108 gold pieces.

Inventory:

Hand Weapons
 c - a +0 whip
 e - a +0 short sword
 i - a +0 spear (weapon)
Jewellery
 h - a ring of magical power (left tentacle)
Scrolls
 f - 2 scrolls of remove curse
 j - a scroll of fear {unknown}
 l - a scroll of identify {unknown}
Potions
 a - a potion of cancellation {unknown}
 d - a potion of flight {unknown}
 g - a potion of lignification {unknown}
 k - a potion of resistance {unknown}
 m - a potion of haste {unknown}
Comestibles
 b - 2 rations


   Skills:
 - Level 2.0 Dodging
 - Level 2.6 Stealth
 * Level 3.1 Spellcasting
 + Level 4.4 Conjurations


You had 7 spell levels left.
You knew the following spells:

 Your Spells              Type           Power        Failure   Level  Hunger
a - Magic Dart            Conj           ###.         2%          1    None

Your spell library contained the following spells:

 Spells                   Type           Power        Failure   Level  Hunger
 Searing Ray              Conj           ###...       4%          2    ##.....
 Dazzling Spray           Conj/Hex       ##....       19%         3    ###....
 Iskenderun's Mystic Bla  Conj           ###.....     26%         4    ####...
 Force Lance              Conj/Tloc      ##......     54%         4    ####...
 Fulminant Prism          Conj/Hex       ##........   54%         4    ####...


Dungeon Overview and Level Annotations

Branches:
Dungeon (2/15)

Altars:


Innate Abilities, Weirdness & Mutations

You cannot wear most types of armour.
You are very stealthy in the water. (Stealth+)
You are amphibious.
You can wear up to eight rings at the same time.
You can use your tentacles to constrict eight enemies at once.
Your skin changes colour to match your surroundings (Stealth+).
Your rubbery body absorbs attacks. (AC +1, EV +1)


Message History

You squeeze the kobold.
You kill the kobold!
You closely miss the sky beast. The sky beast hits you.
The sky beast shocks you.
You barely miss the sky beast.
The hound barks!
The sky beast closely misses you.
You miss the sky beast. You squeeze the sky beast.
The sky beast is lightly wounded.
The sky beast hits you. The sky beast shocks you.
* * * LOW HITPOINT WARNING * * *
The hound barely misses you. The hound closely misses you.
The sky beast flickers out of sight!
Deactivating autopickup; reactivate with Ctrl-A.
The hound bites you.
* * * LOW HITPOINT WARNING * * *
The hound barely misses you. The hound completely misses you.
The hound bites you.
You die...

#####....###.#.#
..†..<.......#.# .#
.†...##..#####.##.#
≈.≈≈≈.≈........##.#
....≈≈≈≈≈≈...####.+
.≈≈≈≈≈≈≈≈≈≈≈≈# #.#
≈≈≈≈≈≈≈≈≈≈≈≈.## #.#
..≈≈≈≈≈≈≈≈≈.."###.#
..≈≈≈..♣≈≈≈≈....@.+
..≈≈≈≈_≈≈≈≈≈.####h#
..≈≈≈≈)♣≈≈≈≈≈# #.#
≈.≈≈≈≈≈≈≈≈≈..# #.#
.≈≈≈≈≈≈≈≈≈≈.≈# #.#
.≈≈≈≈≈≈≈≈≈≈.≈####.#.#
≈..≈..≈≈.≈.≈........#
....≈.≈..≈≈≈≈..##.###
########.#.##.$##.#


You could see a hound.

Vanquished Creatures
  2 oozes (D:1)
  10 bats
  A giant cockroach (D:2)
  4 goblins
  2 hobgoblins (D:1)
  6 kobolds
  5 frilled lizards (D:1)
  8 rats
38 creatures vanquished.

Notes
Turn   | Place    | Note
-------+----------+-------------------------------------------
     0 | D:1      | RonnieColeman the Octopode Conjurer began the quest for the
                  | Orb.
     0 | D:1      | Reached XP level 1. HP: 11/11 MP: 3/3
    54 | D:1      | Reached XP level 2. HP: 5/17 MP: 0/5
   545 | D:1      | Reached XP level 3. HP: 12/21 MP: 7/7
   942 | D:2      | Found a faded altar of an unknown god.
  1021 | D:2      | Noticed a sky beast
  1047 | D:2      | Slain by a hound

Levels and vault maps discovered:
D:1:      nzn_arrival_settlement, layout_basic
D:2:      layout_basic, gammafunk_temple_overflow_pools,
          chequers_ecumenical_altar_island, lemuel_another_geyser
